 Dungeon Crawl Stone Soup version 0.29-a0-473-gacb4ef3bc5 (webtiles) character file.

Game seed: 18234477046966299020

401 Bruhh the Skirmisher (level 6, -4/63 HPs)
             Began as an Ogre Transmuter on May 23, 2022.
             Killed by nerve-wracking pain
             ... invoked by an orc priest
              (9 damage)
             ... on level 3 of the Dungeon.
             The game lasted 00:05:25 (3240 turns).

Bruhh the Skirmisher (Ogre Transmuter)              Turns: 3240, Time: 00:05:26

Health: -4/63      AC:  2    Str: 15    XL:     6   Next: 85%
Magic:  9/12       EV: 18    Int: 16    God:
Gold:   306        SH:  0    Dex: 14    Spells: 10/14 levels left

rFire   . . .      SeeInvis .     - Unarmed
rCold   . . .      Faith    .   (shield currently unavailable)
rNeg    . . .      Spirit   .   (body armour currently unavailable)
rPois   x          Reflect  .   (helmet currently unavailable)
rElec   .          Harm     .   (cloak currently unavailable)
rCorr   .          Rampage  .   (gloves unavailable)
Will    .....                   (boots unavailable)
Stlth   +.........              (no amulet)
HPRegen 0.20/turn               (no ring)
MPRegen 0.13/turn               (no ring)

@: spider-form
A: venomous fangs, tiny, unfitting armour, (tough skin 1)
a: End Transformation


You were on level 3 of the Dungeon.
You were a venomous arachnid creature.
You visited 1 branch of the dungeon, and saw 3 of its levels.

You collected 306 gold pieces.

Inventory:

Armour
 a - a +0 robe (melded)
 f - a scarf of invisibility (melded)
 o - a +0 cloak
Jewellery
 g - an amulet of faith
 p - a +4 ring of protection
Wands
 k - a wand of flame (3)
Scrolls
 c - 3 scrolls of fear {unknown}
 i - a scroll of summoning {unknown}
 m - 3 scrolls of identify {unknown}
 q - a scroll of enchant weapon {unknown}
Potions
 b - a potion of lignification
 d - a potion of haste {unknown}
 e - 2 potions of attraction {unknown}
 h - a potion of mutation {unknown}
 j - 2 potions of invisibility {unknown}
 l - a potion of degeneration {unknown}
 n - a potion of flight {unknown}
 r - a potion of berserk rage {unknown}
 s - a potion of heal wounds {unknown}
 t - a potion of magic {unknown}


   Skills:
 + Level 4.6 Fighting
 - Level 1.7 Dodging
 + Level 4.3 Unarmed Combat
 + Level 4.5 Spellcasting
 - Level 3.0 Transmutations


You had 10 spell levels left.
You knew the following spells:

 Your Spells              Type           Power      Damage    Failure   Level
a - Beastly Appendage     Tmut           26%        N/A       14%         1
b - Spider Form           Tmut/Pois      8%         N/A       47%         3

Your spell library contained the following spells:

 Spells                   Type           Power      Damage    Failure   Level
 Wereblood                Tmut           13%        N/A       19%         2
 Frozen Ramparts          Ice            6%         1d2       65%         3
 Portal Projectile        Hex/Tloc       6%         N/A       65%         3
 Tukima's Dance           Hex            3%         N/A       65%         3
 Ice Form                 Ice/Tmut       8%         N/A       83%         4
 Blade Hands              Tmut           6%         N/A       91%         5
 Summon Ice Beast         Ice/Summ       3%         N/A       95%         4
 Fireball                 Conj/Fire      1%         3d3       100%        5
 Starburst                Conj/Fire      1%         6d3       100%        6
 Ignition                 Fire           1%         3d3       100%        8


Dungeon Overview and Level Annotations

Branches:
Dungeon (3/15)

Altars:
Gozag

Shops:
D:3 ?


Innate Abilities, Weirdness & Mutations

You are a venomous arachnid creature.
You have poisonous fangs.
You are tiny and dextrous.
Your spellcasting is less reliable in this form.
Your armour is entirely melded.
You are incapable of wielding weapons or throwing items.
You are too large for most types of armour.
((You have tough skin. (AC +1)))


Message History

Your headbutt misses the orc priest.
The orc priest is severely wounded.
The orc priest casts a cantrip, but nothing happens.
You barely miss the orc priest. Your kick misses the orc priest.
Your headbutt misses the orc priest.
The orc priest is severely wounded.
The orc priest hits you but does no damage.
You barely miss the orc priest.
The orc priest is severely wounded.
Your transformation is almost over.
The orc priest looks satisfied for a moment.
You hit the orc priest but do no damage.
You claw the orc priest, but do no damage.
You headbutt the orc priest, but do no damage.
The orc priest is severely wounded.
The orc priest looks encouraged for a moment.
You closely miss the orc priest.
You claw the orc priest, but do no damage.
The orc priest is severely wounded.
The orc priest hits you with a +0 flail!
* * * LOW HITPOINT WARNING * * *
You hit the orc priest but do no damage.
The orc priest is severely wounded.
The orc priest hits you with a +0 flail!
* * * LOW HITPOINT WARNING * * *
Casting: Beastly Appendage (safe; 4% risk of failure)
Confirm with . or Enter, or press ? or * to list all spells.
Your horns disappear.
Your talons disappear.
You turn into a venomous arachnid creature.
Your scarf of invisibility melds into your body.
Your +0 robe melds into your body.
The orc priest completely misses you.
You hit the orc priest but do no damage.
The orc priest is poisoned.
The orc priest is severely wounded.
The orc priest looks encouraged for a moment.
You hit the orc priest but do no damage.
The orc priest is almost dead.
The orc priest mumbles some strange prayers to Beogh against you.
Pain shoots through your body!
You die...

#.....# ##.....####.. ###.
#.....###...........## #.
#....................### ##
#.....#................## #
#..<....................### #
###.##....................###
#......######....<....#......
....#..###....###.))....##..###
...###(.##......so.......####..##
.. ..#..######.......## ##..#
..##.##....##.....## ##.'
..#..#......#.....# ######
#..#..#.)..(.#....######....# .
..#..#......#..#.........### .o
#.#..#.....)#.†#.........#.'
...##.##.##.....#.##.........#.#
......#..###...†.#..........#>#


You could see an orc priest (very poisoned).

Vanquished Creatures
  Sigmund (D:2)
  Crazy Yiuf (D:2)
  A hound (D:2)
  Terence (D:2)
  Natasha (thrice) (D:2)
  3 adders
  A dart slug (D:2)
  4 orcs (D:3)
  7 ball pythons
  4 bats
  3 endoplasms
  5 giant cockroaches
  3 goblins
  7 hobgoblins
  7 kobolds
  3 quokkas (D:2)
  2 frilled lizards
  6 rats
62 creatures vanquished.

Vanquished Creatures (others)
  4 toadstools (D:1)
4 creatures vanquished.

Grand Total: 66 creatures vanquished

Notes
Turn   | Place    | Note
-------+----------+-------------------------------------------
     0 | D:1      | Bruhh the Ogre Transmuter began the quest for the Orb.
     0 | D:1      | Reached XP level 1. HP: 19/19 MP: 3/3
   229 | D:1      | Reached XP level 2. HP: 10/28 MP: 2/5
  1042 | D:1      | Reached XP level 3. HP: 33/35 MP: 5/7
  1267 | D:2      | Noticed Terence
  1291 | D:1      | Learned a level 3 spell: Spider Form
  1310 | D:2      | Killed Terence
  1487 | D:2      | Reached XP level 4. HP: 40/44 MP: 6/8
  1525 | D:2      | Noticed Natasha
  1530 | D:2      | Killed Natasha
  1815 | D:2      | Noticed Sigmund
  1832 | D:2      | Killed Sigmund
  1833 | D:2      | Reached XP level 5. HP: 25/54 MP: 1/11
  1833 | D:2      | Reached XP level 6. HP: 29/62 MP: 1/12
  2140 | D:2      | Noticed Natasha
  2150 | D:2      | Killed Natasha
  2309 | D:2      | Noticed Natasha
  2320 | D:2      | Killed Natasha
  2494 | D:2      | Found a runed translucent door.
  2495 | D:2      | Noticed Crazy Yiuf
  2684 | D:2      | Killed Crazy Yiuf
  2885 | D:3      | Found Panasiasch's Magic Scroll Emporium.
  2944 | D:3      | Found an opulent altar of Gozag.
  3240 | D:3      | Killed from afar by an orc priest

Illustrated notes

Levels and vault maps discovered:
D:1:      mrwooster_arrival_statue_3, layout_basic,
          chequers_serial_rivers_marsh, corner_web_ring,
          minmay_gold_behind_fungi, minmay_pentomino_o2
D:2:      layout_rooms, chequers_serial_rivers_room_a, uniq_sigmund,
          uniq_terence, uniq_crazy_yiuf_cottage, uniq_natasha
D:3:      layout_rooms, nicolae_elyvilon_temple_path,
          mainiacjoe_overflow_24_doors, ebering_ecumenical_altar_rust,
          serial_shops, shop, minmay_randomly_rotated_circles

Skill      XL: |  1  2  3  4  5  6 |
---------------+-------------------+-----
Transmutations | 2 3 |  3.0
Fighting       | 2 3 4 |  4.6
Unarmed Combat | 3 4 |  4.3
Spellcasting   | 3 4 |  4.5
Dodging        | |  1.7

Action                   |  1- 3 |  4- 6 || total
-------------------------+-------+-------++-------
Melee: Unarmed           |    74 |   108 ||   182
       Kick              |     9 |    12 ||    21
       Headbutt          |     7 |     7 ||    14
       Punch             |       |     1 ||     1
 Cast: Beastly Appendage |    19 |    16 ||    35
       Spider Form       |     2 |     7 ||     9
  Use: Potion            |       |     1 ||     1
Armor: Robe              |    14 |    28 ||    42
       Skin              |     1 |    24 ||    25
Dodge: Dodged            |    36 |    64 ||   100

Table legend: (Time is in decaauts)
 A = Elapsed time spent in this place.
 B = Non-inter-level travel time spent in this place.
 C = Inter-level travel time spent in this place.
 D = Time resting spent in this place.
 E = Time spent auto-exploring this place.
 F = Levels seen in this place.
 G = Mean time per level.
                   A        B        C        D        E       F      G
               +--------+--------+--------+--------+--------+-----+--------+
         Total |   3230 |   3189 |     41 |    106 |   2577 |   3 | 1076.7 |
       Dungeon |   3230 |   3189 |     41 |    106 |   2577 |   3 | 1076.7 |
               +--------+--------+--------+--------+--------+-----+--------+

Top non-repeatable levels by time:
     D:2: 1582 daAuts
     D:1: 1246 daAuts
     D:3: 400 daAuts
